AoeStats
← ME_DEPRIME_JUGAR_CON_USTEDES

Arena

507843585Analyzed
4v4 RM · 11d ago on Sep 19, 2026· 46m 39s· 8 players
Game mode
Random Map
Map size
Large (8 player)
Population
200
Speed
Normal
Resources
Standard
Victory
Conquest
Starting age
Dark Age
Ending age
Imperial Age
RankedLock teamsTeams togetherTeam positionsShared explorationLock speedFull tech treeHidden civsTurbo modeCheats
Victory
Defeat
🇪🇸 Ethiopians · Spain
1611
+14
🇪🇸 Koreans · Spain
1597
+14
🇪🇸 Wu · Spain
1592
+15
🇪🇸 Mongols · Spain
1555
+16
🇲🇽 Teutons · Mexico
1610
-16
1572
-15
1555
-15
🇨🇴 Tupi · Colombia
1515
-13
赤いドラゴン
10:06 Feudal Age
14:58 Castle Age
13:10 Double-Bit Axe
13:37 Horse Collar
16:02 Bow Saw
17:37 Heavy Plow
18:16 Wheelbarrow
22:53 Gold Mining
23:09 Stone Mining
23:35 Fletching
28:39 Imperial Age
27:05 Bodkin Arrow
27:49 Bloodlines
27:47 Scale Barding Armor
27:46 Town Watch
28:17 Hand Cart
27:50 Loom
28:42 Chain Barding Armor
28:35 Forging
30:05 Plate Barding Armor
29:07 Cavalier
29:49 Guard Tower
30:59 Chemistry
31:11 Ballistics
30:45 Paladin
33:24 Iron Casting
35:47 Keep
34:57 Arrowslits
36:13 Chemistry
38:55 Man-at-Arms
39:36 Squires
39:22 Gambesons
39:55 Scale Mail Armor
40:57 Blast Furnace
39:47 Long Swordsman
40:44 Chain Mail Armor
40:35 Two-Handed Swordsman
41:56 Plate Mail Armor
41:46 Pikeman
42:30 Champion
ELEG | Huitzilopochtli
10:14 Feudal Age
10:42 Loom
14:15 Castle Age
13:20 Double-Bit Axe
25:12 Wheelbarrow
25:01 Bow Saw
24:32 Horse Collar
26:08 Fletching
27:10 Bodkin Arrow
27:16 Padded Archer Armor
27:34 Elite Skirmisher
28:34 Leather Archer Armor
29:04 Ballistics
31:05 Hand Cart
34:32 Imperial Age
33:27 Thumb Ring
32:52 Crossbowman
35:22 Bracer
35:52 Ring Archer Armor
36:24 Chemistry
35:14 Arbalester
37:30 Scale Barding Armor
38:25 Chain Barding Armor
41:04 Two-Man Saw
40:05 Heavy Plow
44:17 Husbandry
43:38 Light Cavalry
45:13 Plate Barding Armor
44:23 Hussar
45:23 Forging
46:29 Conscription
ELEG | Lucho
10:25 Feudal Age
9:23 Loom
12:02 Fletching
18:02 Castle Age
17:01 Horse Collar
17:07 Double-Bit Axe
18:58 Bodkin Arrow
19:45 Bow Saw
26:04 Squires
26:09 Champi Runner
27:58 Scale Mail Armor
27:49 Champi Warrior
31:06 Chain Mail Armor
30:55 Padded Archer Armor
34:30 Leather Archer Armor
38:01 Imperial Age
36:34 Ballistics
37:23 Town Watch
40:55 Chemistry
42:16 Conscription
42:49 Chain Mail Armor
42:45 Forging
ME_DEPRIME_JUGAR_CON_USTEDES
11:49 Feudal Age
15:54 Castle Age
13:59 Double-Bit Axe
20:36 Imperial Age
17:57 Double-Bit Axe
19:06 Bow Saw
18:40 Horse Collar
23:21 Wheelbarrow
24:01 Gold Mining
24:39 Padded Archer Armor
25:48 Chemistry
26:54 Hand Cart
26:25 Loom
28:36 Coinage
28:02 Pikeman
28:43 Scale Mail Armor
28:46 Padded Archer Armor
28:48 Town Watch
29:05 Stone Mining
29:47 Leather Archer Armor
31:00 Ring Archer Armor
31:57 Conscription
34:42 Fletching
35:12 Arquebus
35:49 Ballistics
41:33 Thumb Ring
41:25 Bodkin Arrow
41:18 Onager
43:15 Man-at-Arms
43:55 Scale Mail Armor
44:06 Forging
44:21 Long Swordsman
44:47 Gambesons
45:18 Chain Mail Armor
44:54 Two-Handed Swordsman
CQ.TurpiAcho
10:46 Feudal Age
14:27 Castle Age
12:37 Double-Bit Axe
19:49 Horse Collar
22:46 Wheelbarrow
27:14 Imperial Age
25:21 Bow Saw
26:09 Loom
27:21 Gold Mining
28:10 Ballistics
28:18 Conscription
27:25 Capped Ram
28:13 Fletching
29:17 Drill
29:07 Siege Ram
30:36 Elite Mangudai
31:17 Bodkin Arrow
32:01 Bracer
33:33 Chemistry
34:48 Padded Archer Armor
34:57 Stone Mining
35:43 Gold Shaft Mining
36:19 Leather Archer Armor
40:00 Bloodlines
39:59 Thumb Ring
40:21 Parthian Tactics
DK_Nightclaim
6:40 Loom
8:49 Feudal Age
9:35 Double-Bit Axe
9:53 Horse Collar
19:58 Castle Age
18:09 Fletching
19:21 Gold Mining
20:39 Bodkin Arrow
27:57 Wheelbarrow
28:28 Town Watch
29:53 Hand Cart
34:01 Imperial Age
34:01 Gold Shaft Mining
33:27 Scale Mail Armor
34:49 Bracer
36:43 Chemistry
36:13 Chain Mail Armor
36:54 Elite Skirmisher
37:56 Bow Saw
37:53 Heavy Plow
40:25 Ballistics
40:35 Conscription
40:48 Arrowslits
41:08 Eupseong
41:05 Capped Ram
44:12 Crossbowman
45:22 Thumb Ring
DK_Exmerior
10:39 Feudal Age
14:44 Castle Age
12:55 Double-Bit Axe
13:28 Horse Collar
16:37 Wheelbarrow
16:12 Bow Saw
16:06 Heavy Plow
20:00 Loom
22:28 Gold Mining
22:29 Stone Mining
25:11 Hand Cart
26:00 Gold Shaft Mining
28:45 Imperial Age
26:44 Scale Mail Armor
26:55 Forging
27:35 Stone Shaft Mining
28:14 Masonry
27:56 Town Watch
28:44 Chain Mail Armor
29:04 Iron Casting
28:54 Halberdier
30:06 Plate Mail Armor
30:44 Two-Man Saw
30:53 Chemistry
30:22 Conscription
32:10 Blast Furnace
31:37 Siege Engineers
31:44 Squires
35:04 Torsion Engines
40:52 Architecture
40:43 Ballistics
43:15 Arson
Vlad von Carstein
11:09 Feudal Age
14:55 Castle Age
13:25 Horse Collar
13:47 Double-Bit Axe
15:16 Fletching
19:34 Bodkin Arrow
23:23 Red Cliffs Tactics
28:58 Wheelbarrow
29:06 Loom
29:07 Town Watch
31:20 Gold Mining
31:20 Stone Mining
31:42 Bow Saw
31:36 Heavy Plow
35:04 Imperial Age
33:13 Hand Cart
33:26 Scale Mail Armor
34:35 Chain Mail Armor
34:31 Forging
36:18 Gold Shaft Mining
36:18 Stone Shaft Mining
36:46 Two-Man Saw
35:50 Squires
35:35 Arson
36:51 Plate Mail Armor
36:57 Iron Casting
40:47 Conscription
40:29 Sitting Tiger
41:39 Caravan
Connection lost

Rejoining the realm…

Still unreachable

The connection could not be restored.

Session expired

The server has moved on; the page needs a fresh start.